 Dungeon Sprint DCSS version 0.22-a0-570-g58866f5 (webtiles) character file.

4803 twistedcrescendo the Warrior (level 10, 0/118 HPs)
             Began as a Minotaur Berserker on June 30, 2018.
             Was a High Priest of Trog.
             Slain by an unseen horror (2 damage)
             ... in the Dungeon (Sprint I: "Red Sonja").
             The game lasted 00:13:49 (1166 turns).

twistedcrescendo the Warrior (Minotaur Berserker)   Turns: 1166, Time: 00:13:53

Health: 0/118      AC:  9    Str: 20    XL:     10   Next: 24%
Magic:  9/9        EV: 14    Int:  4    God:    Trog [*****.]
Gold:   128        SH:  0    Dex: 12    Spells: 9/9 levels left

rFire    . . .     SeeInvis .   a - +0 hand axe
rCold    . . .     Gourm    .   (no shield)
rNeg     . . .     Faith    .   r - +6 leather armour of Makhleb's Fury {+Inv Str-3 Slay+3}
rPois    .         Spirit   .   (helmet restricted)
rElec    .         Reflect  .   (no cloak)
rCorr    .         Harm     .   (no gloves)
MR       ++...     NoTele   +   (no boots)
Stlth    +.........             (no amulet)
HPRegen  1.29/turn              (no ring)
MPRegen  0.11/turn              (no ring)

@: berserk cooldown, regenerating, hasted, very quick
A: retaliatory headbutt, horns 2
a: Berserk, Trog's Hand, Brothers in Arms, Renounce Religion, Evoke Invisibility


You were in the Dungeon.
You worshipped Trog.
Trog was extremely pleased with you.
You were not hungry.

You visited 1 branch You collected 829 gold pieces.
You spent 701 gold pieces at shops.

Inventory:

Hand Weapons
 a - a +0 hand axe (weapon)
 m - the +4 longbow of Superiority {freeze, rElec rN++}
   (You found it in the Dungeon)

   It causes projectiles fired from it to freeze those they strike, causing
   extra injury to most foes and up to half again as much damage against
   particularly susceptible opponents.
   They can also slow down cold-blooded creatures.
   It insulates you from electricity.
   It greatly protects you from negative energy.
Missiles
 p - 40 arrows
Armour
 b - a +0 animal skin
 k - a +0 ring mail
 r - the +6 leather armour of Makhleb's Fury (worn) {+Inv Str-3 Slay+3}
   (You bought it in a shop in the Dungeon)

   It affects your strength (-3).
   It affects your accuracy and damage with ranged weapons and melee attacks
   (+3).
   It lets you turn invisible.
Wands
 d - a wand of digging (13)
 j - a wand of flame (27)
 n - a wand of paralysis (7)
Scrolls
 i - a scroll of blinking
 l - 2 scrolls of identify {unknown}
 o - a scroll of immolation {unknown}
 q - a scroll of vulnerability {unknown}
Potions
 g - 2 potions of magic
 h - a potion of berserk rage


   Skills:
 + Level 20.8 Fighting
 - Level 16.0 Axes
 + Level 5.7 Armour
 + Level 5.2 Dodging


You had 9 spell levels left.
You didn't know any spells.
Your spell library was empty.

Dungeon Overview and Level Annotations

Branches:
Dungeon (1/1)

Altars:
Cheibriados
Dithmenos
Elyvilon
Fedhas
Gozag
Hepliaklqana
Kikubaaqudgha
Makhleb
Nemelex Xobeh
Okawaru
Qazlal
Ru
Sif Muna
Trog
Uskayaw
Vehumet
Wu Jian
Xom
Yredelemnul
Zin
The Shining One
Jiyva
Lugonu

Shops:
D (}[


Innate Abilities, Weirdness & Mutations

You reflexively headbutt those who attack you in melee.
You have a pair of horns on your head.


Message History

You feel resistant to hostile enchantments.
You feel somewhat more hungry. Something hits you!
* * * LOW HITPOINT WARNING * * *
Something hits you but does no damage. Something hits you.
* * * LOW HITPOINT WARNING * * *
You hit something. You headbutt something! Something hits you.
* * * LOW HITPOINT WARNING * * *
Something hits you.
* * * LOW HITPOINT WARNING * * *
You feel yourself speed up. Something hits you.
* * * LOW HITPOINT WARNING * * *
Something hits you.
* * * LOW HITPOINT WARNING * * *
You hit something. Trog accepts your kill.
Reactivating autopickup.
Your Armour skill increases to level 5!
Your Dodging skill increases to level 5!
You feel a bit more experienced.
You hit something. Something hits you.
You die...

___##'#_.§≈≈§§§§..#
∩...'.§.§#≈≈≈..#§.#
.__##_(#'##§#####'###
___##.+#.#§(.:###.'.#
#####.(####'###.###†#
....'...'.....'[∩##†#
+####..(###########.#
##.###.....§§##§# #+#
#.....{@§§§#
#+++######§# #§# +§#
###


There were no monsters in sight!

Vanquished Creatures
  Sonja (D)
  An unseen horror (D)
  A deep troll (D)
  An oklob plant (D)
  2 kobold demonologists (D)
  A slime creature (D)
  A hornet (D)
  Sigmund (D)
  2 redbacks (D)
  A yak (D)
  A floating eye (D)
  An ogre (D)
  A jelly (D)
  Ijyb (D)
16 creatures vanquished.

Vanquished Creatures (collateral kills)
  2 centaur warriors (D)
2 creatures vanquished.

Vanquished Creatures (others)
  A merfolk siren (D)
  3 hornets (D)
4 creatures vanquished.

Grand Total: 22 creatures vanquished

Notes
Turn   | Place    | Note
-------+----------+-------------------------------------------
     0 | D        | twistedcrescendo the Minotaur Berserker began the quest for the Orb.
     0 | D        | Reached XP level 1. HP: 19/19 MP: 0/0
     1 | D        | Noticed Ijyb
    11 | D        | Killed Ijyb
    11 | D        | Reached skill level 5 in Fighting
    11 | D        | Reached skill level 5 in Axes
    11 | D        | Reached XP level 2. HP: 29/29 MP: 1/1
    59 | D        | Noticed an ogre
    62 | D        | Killed an ogre
    62 | D        | Reached skill level 8 in Fighting
    62 | D        | Reached XP level 3. HP: 40/40 MP: 2/2
    62 | D        | Reached XP level 4. HP: 48/48 MP: 3/3
   121 | D        | Noticed Sigmund
   126 | D        | Killed Sigmund
   126 | D        | Reached ** piety under Trog
   126 | D        | Reached skill level 10 in Fighting
   126 | D        | Reached skill level 10 in Axes
   126 | D        | Reached XP level 5. HP: 59/59 MP: 4/4
   126 | D        | Reached XP level 6. HP: 67/67 MP: 5/5
   164 | D        | Found an ornate altar of the Wu Jian Council.
   164 | D        | Found a deep blue altar of Sif Muna.
   166 | D        | Found a radiant altar of Vehumet.
   169 | D        | Reached skill level 11 in Fighting
   172 | D        | Got a crude longbow
   173 | D        | Identified the +4 longbow of Superiority {freeze, rElec rN++} (You found it in the Dungeon)
   204 | D        | Noticed a centaur warrior
   219 | D        | Found Egim's Gadget Emporium.
   219 | D        | Found an ancient bone altar of Kikubaaqudgha.
   219 | D        | Found a hazy altar of Hepliaklqana.
   219 | D        | Found a stormy altar of Qazlal.
   219 | D        | Found a hide-covered altar of Uskayaw.
   219 | D        | Found a blossoming altar of Fedhas.
   219 | D        | Found a bloodstained altar of Trog.
   219 | D        | Found an iron altar of Okawaru.
   219 | D        | Found a basalt altar of Yredelemnul.
   219 | D        | Found a glowing golden altar of the Shining One.
   219 | D        | Found a snail-covered altar of Cheibriados.
   219 | D        | Found a sacrificial altar of Ru.
   219 | D        | Found a glowing silver altar of Zin.
   219 | D        | Found a shadowy altar of Dithmenos.
   219 | D        | Found a white marble altar of Elyvilon.
   219 | D        | Noticed a yak
   224 | D        | Killed a yak
   224 | D        | Reached skill level 12 in Fighting
   225 | D        | Found an opulent altar of Gozag.
   226 | D        | Found a sparkling altar of Nemelex Xobeh.
   230 | D        | Bought a wand of paralysis (7) for 126 gold pieces
   240 | D        | Found a viscous altar of Jiyva.
   240 | D        | Found a corrupted altar of Lugonu.
   240 | D        | Noticed a slime creature
   241 | D        | Found a burning altar of Makhleb.
   241 | D        | Found a shimmering altar of Xom.
   253 | D        | Killed a slime creature
   253 | D        | Reached *** piety under Trog
   253 | D        | Reached skill level 13 in Fighting
   253 | D        | Reached XP level 7. HP: 45/79 MP: 6/6
   465 | D        | Noticed a kobold demonologist
   466 | D        | Noticed a kobold demonologist
   470 | D        | Killed a kobold demonologist
   470 | D        | Reached skill level 14 in Fighting
   471 | D        | Killed a kobold demonologist
   471 | D        | Reached **** piety under Trog
   471 | D        | Reached XP level 8. HP: 90/90 MP: 7/7
   544 | D        | Noticed a centaur warrior
   550 | D        | Killed a centaur warrior
   550 | D        | Reached skill level 15 in Fighting
   553 | D        | Killed a centaur warrior
   553 | D        | Reached skill level 17 in Fighting
   553 | D        | Reached XP level 9. HP: 30/103 MP: 8/8
   840 | D        | Noticed a deep troll
   845 | D        | Killed a deep troll
   845 | D        | Reached skill level 18 in Fighting
   886 | D        | Noticed Sonja
   899 | D        | Killed Sonja
   899 | D        | Reached skill level 19 in Fighting
  1023 | D        | Found Iqew's Antique Weapon Boutique.
  1050 | D        | Found Vekix's Armour Emporium.
  1067 | D        | Paralysed by a hornet for 3 turns
  1072 | D        | Reached ***** piety under Trog
  1095 | D        | Bought the +6 leather armour of Makhleb's Fury {+Inv Str-3 Slay+3} for 575 gold pieces
  1097 | D        | Killed a merfolk siren
  1118 | D        | Noticed an oklob plant
  1124 | D        | Killed an oklob plant
  1124 | D        | Reached skill level 20 in Fighting
  1124 | D        | Reached XP level 10. HP: 118/118 MP: 9/9
  1160 | D        | HP: 5/118 [something (2)]
  1165 | D        | HP: 2/118 [something (5)]
  1166 | D        | Killed an unseen horror
  1166 | D        | Reached skill level 5 in Armour
  1166 | D        | Reached skill level 5 in Dodging
  1166 | D        | Slain by an unseen horror

Vault maps used:
D:        dungeon_sprint_1

Skill      XL: |  1  2  3  4  5  6  7  8  9 10 |
---------------+-------------------------------+-----
Fighting       | 5 8 10 13 14 17 20 | 20.8
Axes           | 5 8 10 13 14 16 | 16.0
Armour         | 3 5 |  5.7
Dodging        | 3 5 |  5.2

Action                   |  1- 3 |  4- 6 |  7- 9 | 10-12 || total
-------------------------+-------+-------+-------+-------++-------
Melee: Hand axe          |    10 |    22 |    29 |    13 ||    74
       Headbutt          |       |     5 |    11 |     6 ||    22
 Fire: Longbow           |       |       |     1 |       ||     1
Invok: Berserk           |     2 |     2 |     5 |       ||     9
       Brothers in Arms  |       |       |     1 |       ||     1
       Trog's Hand       |       |       |       |     1 ||     1
  Use: Potion            |       |       |     2 |     2 ||     4
  Eat: Chunk             |       |     1 |     7 |       ||     8
       Ration            |       |       |       |     1 ||     1
Armor: Ring mail         |       |       |     5 |       ||     5
       Leather armour    |       |       |     1 |    18 ||    19
Dodge: Dodged            |     9 |     8 |    18 |     4 ||    39

Table legend:
 A = Spawn XP
 B = Non-spawn XP
 C = Spawn XP percentage of total XP
 D = Spawn monster count
 E = Non-spawn monster count
 F = Spawn count percentage of total count
 G = Total turns spent on level
                    A         B        C        D         E        F      G
               +---------+---------+-------+---------+---------+-------+---------
         Total |       0 |    6862 |   0.0 |       0 |      18 |   0.0 |  1166
               +---------+---------+-------+---------+---------+-------+---------
             D |       0 |    6862 |   0.0 |       0 |      18 |   0.0 |  1166
               +---------+---------+-------+---------+---------+-------+---------
